 Dungeon Crawl Stone Soup version 0.29-a0-830-gcb1280458a (webtiles) character file.

Game seed: 6169499157588338174

71 Ijustatesigmund the Magician (level 4, 0/24 HPs)
             Began as a Deep Elf Earth Elementalist on July 12, 2022.
             Slain by a gnoll
             ... wielding a +0 whip
             ... led by a gnoll bouda
              (4 damage)
             ... on level 2 of the Dungeon.
             The game lasted 00:03:31 (2183 turns).

Ijustatesigmund the Magician (DEEE)                 Turns: 2183, Time: 00:03:33

Health: 0/24       AC:  3    Str:  5    XL:     4   Next: 5%
Magic:  6/12       EV: 16    Int: 22    God:
Gold:   85         SH:  0    Dex: 15    Spells: 5/11 levels left

rFire   . . .      SeeInvis .   e - +1 short sword
rCold   . . .      Faith    .   (no shield)
rNeg    . . .      Spirit   .   a - +1 robe
rPois   .          Reflect  .   (no helmet)
rElec   .          Harm     .   (no cloak)
rCorr   .          Rampage  .   (no gloves)
Will    .....                   (no boots)
Stlth   ++........              (no amulet)
HPRegen 0.08/turn               d - +4 ring of evasion
MPRegen 0.13/turn               (no ring)

@: no status effects
A: no striking features
a: no special abilities


You were on level 2 of the Dungeon.
You visited 1 branch of the dungeon, and saw 2 of its levels.

You collected 85 gold pieces.

Inventory:

Hand Weapons
 e - a +1 short sword (weapon)
Armour
 a - a +1 robe (worn)
Jewellery
 d - a +4 ring of evasion (left hand)
 f - a ring of willpower
Scrolls
 h - a scroll of silence
Potions
 b - a potion of magic
 c - a potion of lignification {unknown}
 g - a potion of curing {unknown}
 j - a potion of mutation


   Skills:
 - Level 2.4 Dodging
 - Level 2.4 Stealth
 - Level 4.1 Spellcasting
 + Level 2.2 Conjurations
 - Level 1.1 Transmutations
 - Level 4.1 Earth Magic


You had 5 spell levels left.
You knew the following spells:

 Your Spells              Type           Power      Damage    Failure   Level
a - Sandblast             Erth           44%        2d11      1%          1
b - Passwall              Tmut/Erth      13%        N/A       6%          2
c - Stone Arrow           Conj/Erth      36%        3d9       9%          3

Your spell library contained the following spells:

 Spells                   Type           Power      Damage    Failure   Level
 Magic Dart               Conj           56%        1d5       4%          1
 Searing Ray              Conj           28%        2d5       7%          2
 Petrify                  Tmut/Erth      16%        N/A       36%         4
 Fulminant Prism          Conj/Hex       4%         3d6       56%         4


Dungeon Overview and Level Annotations

Branches:
Dungeon (2/15)

Altars:
Kikubaaqudgha


Message History

The gnoll hits you from afar with a +0 spear.
The gnoll is no longer moving quickly.
There is an escape hatch in the ceiling here.
The gnoll barely misses you. A mysterious force pulls you upwards.
The hatch slams shut behind you.
You start resting.
Magic restored.
You start resting.
HP restored.
(D) Dungeon
Where to? (Enter - D:2, ? - help)
There is a stone staircase leading down here.
You climb downwards.
There is a stone staircase leading up here.
A gnoll is nearby!
The gnoll shouts! x2; You hear a shout!
The gnoll attacks as you move away! The gnoll hits you with a +0 whip.
The gnoll attacks as you move away! The gnoll hits you with a +0 whip!
Casting: Stone Arrow (quite dangerous; 9% risk of failure)
Confirm with . or Enter, or press ? or * to list all spells.
The spell is quite dangerous to miscast (9% risk of failure)!
Continue anyway? [Y]es or [N]o only, please.
The spell is quite dangerous to miscast (9% risk of failure)!
Continue anyway?
Aiming: Stone Arrow (quite dangerous; 9% risk of failure)
Press: ? - help, Shift-Dir - straight line, f - gnoll
Aim: a gnoll, wielding a +0 whip (72% to hit)
The stone arrow misses the gnoll.
The gnoll hits you with a +0 whip!
* * * LOW HITPOINT WARNING * * *
Casting: Stone Arrow (quite dangerous; 9% risk of failure)
Confirm with . or Enter, or press ? or * to list all spells.
The spell is quite dangerous to miscast (9% risk of failure)!
Continue anyway? [Y]es or [N]o only, please.
The spell is quite dangerous to miscast (9% risk of failure)!
Continue anyway?
Aiming: Stone Arrow (quite dangerous; 9% risk of failure)
Press: ? - help, Shift-Dir - straight line, f/p - gnoll
Aim: a gnoll, wielding a +0 whip (72% to hit)
The stone arrow hits the gnoll.
The gnoll is heavily wounded.
The gnoll hits you with a +0 whip.
You die...

#######.#.#.# #....# #.#.###.
#.#.#.####....# #.#.....
#.#.#...##....# #.####..
#.#.#...##....# #.......
#########.#.#...##....# #######.
................##....##########.
.............##.g##'####.........
.............###g##.# #.########
.......g.....# #@##.# #.#
...<....g....# #.##.# #.#
.............# #..#.# #.#
...g.........# ##.#.# #.#
...g.........# #...# #<#
.............# ##..#######
#g#########.## #.>......# #g# .#
########.####### #.# # #........


You could see 2 gnolls.

Vanquished Creatures
  A gnoll bouda (D:2)
  An adder (D:2)
  A dart slug (D:2)
  An endoplasm (D:2)
  3 giant cockroaches
  2 hobgoblins (D:1)
  3 jackals (D:2)
  A quokka (D:2)
  5 ball pythons
  4 bats
  A frilled lizard (D:2)
  4 goblins
  4 kobolds
  2 rats (D:2)
33 creatures vanquished.

Notes
Turn   | Place    | Note
-------+----------+-------------------------------------------
     0 | D:1      | Ijustatesigmund the Deep Elf Earth Elementalist began the
                  | quest for the Orb.
     0 | D:1      | Reached XP level 1. HP: 10/10 MP: 6/6
   215 | D:1      | Found a faded altar of an unknown god.
   486 | D:1      | Reached XP level 2. HP: 14/15 MP: 4/8
   871 | D:2      | Found an ancient bone altar of Kikubaaqudgha.
  1396 | D:2      | Reached XP level 3. HP: 17/19 MP: 5/10
  1403 | D:2      | Learned a level 2 spell: Passwall
  1407 | D:2      | Learned a level 3 spell: Stone Arrow
  1884 | D:2      | Reached skill level 1 in Conjurations
  1921 | D:2      | Reached XP level 4. HP: 11/24 MP: 4/12
  2183 | D:2      | Slain by a gnoll

Illustrated notes

Levels and vault maps discovered:
D:1:      lightli_arrival_maybe_door_vault, layout_basic, basic_ecumenical_altar
D:2:      layout_basic, basic_altar

Skill      XL: |  1  2  3 |
---------------+----------+-----
Spellcasting   | 4 |  4.1
Earth Magic    | 4 |  4.1
Conjurations   | 2 |  2.2
Dodging        | |  2.4
Stealth        | |  2.4
Transmutations | |  1.1

Action                   |  1- 3 |  4- 6 || total
-------------------------+-------+-------++-------
Melee: Unarmed           |     1 |       ||     1
       Punch             |     1 |       ||     1
       Short sword       |     1 |       ||     1
 Cast: Sandblast         |    55 |       ||    55
       Stone Arrow       |     1 |     2 ||     3
  Use: Scroll            |     6 |       ||     6
Armor: Robe              |     5 |       ||     5
Dodge: Dodged            |    29 |     2 ||    31

Table legend: (Time is in decaauts)
 A = Elapsed time spent in this place.
 B = Non-inter-level travel time spent in this place.
 C = Inter-level travel time spent in this place.
 D = Time resting spent in this place.
 E = Time spent auto-exploring this place.
 F = Levels seen in this place.
 G = Mean time per level.
                   A        B        C        D        E       F      G
               +--------+--------+--------+--------+--------+-----+--------+
         Total |   2238 |   2173 |     65 |    340 |   1576 |   2 | 1119.0 |
       Dungeon |   2238 |   2173 |     65 |    340 |   1576 |   2 | 1119.0 |
               +--------+--------+--------+--------+--------+-----+--------+

Top non-repeatable levels by time:
     D:2: 1180 daAuts
     D:1: 1057 daAuts
